 Dungeon Crawl Stone Soup version 0.32-a0-314-g526f7d4993 (webtiles) character file.

Game seed: 13032655428183957097

4820 IdlyInterested the Fighter (level 10, -10/80 HPs)
             Began as a Demonspawn Fighter on Feb 15, 2024.
             Was a Believer of Beogh.
             Killed from afar by an efreet (23 damage)
             ... with a bolt of fire
             ... on level 8 of the Dungeon.
             The game lasted 00:27:52 (6984 turns).

IdlyInterested the Fighter (Demonspawn Fighter)     Turns: 6984, Time: 00:27:53

Health: -10/80     AC: 11    Str: 18    XL:     10   Next: 24%
Magic:  14/14      EV: 10    Int:  9    God:    Beogh [**....]
Gold:   604        SH: 10    Dex: 15    Spells: 9/9 levels left

rFire   . . .        z - +4 short sword (venom)
rCold   + . .        b - +0 buckler
rNeg    . . .        g - +3 chain mail
rPois   .            (helmet currently unavailable)
rElec   .            (cloak currently unavailable)
rCorr   .            (gloves currently unavailable)
SInv    .            Q - melded +0 pair of boots
Will    .....        K - amulet of reflection Stlth
                     v - ring of flight
HPRegen 1.13/turn    E - ring of protection from cold
MPRegen 0.14/turn

%: reflection, clarity
@: mighty, beast-form, corroded, flying, hasted, very quick
A: beast (slay +1), antennae 1, sharp scales 3, clarity, regeneration 1, sturdy
frame 1
a: Begin Untransformation, Renounce Religion, Smiting


You were on level 8 of the Dungeon.
You worshipped Beogh.
Beogh was pleased with you.
You were a hulking beast.
You visited 2 branches of the dungeon, and saw 9 of its levels.
You also visited: Bailey.

You collected 604 gold pieces.

Inventory:

Hand Weapons
 a - a +4 falchion
 d - a +3 war axe
 q - a +1 heavy mace
 z - a +4 short sword of venom (weapon)
 C - a +4 long sword of freezing
 N - the +7 great sword of Imbalance {flame, *Corrode rPois Str+3 Dex+4}
   (You found it on level 6 of the Dungeon)

   Str+3:     It affects your strength (+3).
   Dex+4:     It affects your dexterity (+4).
   rPois:     It protects you from poison *Corrode: It may corrode you when you
   take damage.
 Y - a +0 broad axe
Missiles
 e - 29 stones (quivered)
 p - 31 poisoned darts
 y - 7 curare-tipped darts
 B - 30 boomerangs
 O - 6 javelins
 R - 8 atropa-tipped darts
Armour
 b - a +0 buckler (worn)
 g - a +3 chain mail (worn)
 r - an orb of light
 Q - a +0 pair of boots (melded)
 U - a +0 plate armour
 Z - +0 acid dragon scales
Magical Staves
 i - a staff of conjuration
Jewellery
 l - a ring of wizardry
 v - a ring of flight (left hand)
 x - an amulet of faith
 D - a ring of resist corrosion
 E - a ring of protection from cold (right hand)
 K - an amulet of reflection (around neck)
Talismans
 s - a beast talisman (active)
Wands
 w - a wand of iceblast (17)
 F - a wand of polymorph (12)
Scrolls
 h - 3 scrolls of poison
 k - 2 scrolls of blinking
 m - 3 scrolls of teleportation
 t - 3 scrolls of enchant weapon
 u - a scroll of fog {unknown}
 I - 2 scrolls of immolation
 J - a scroll of vulnerability
 T - 4 scrolls of enchant armour {unknown}
 V - a scroll of silence {unknown}
 W - a scroll of fear
Potions
 f - 3 potions of curing
 j - a potion of attraction
 n - 2 potions of mutation
 o - 2 potions of lignification
 A - a potion of brilliance
 H - a potion of enlightenment {unknown}
 M - a potion of berserk rage {unknown}
 P - a potion of degeneration {unknown}
 S - a potion of ambrosia {unknown}
 X - a potion of invisibility {unknown}


   Skills:
 - Level 8.0 Fighting
 - Level 4.0 Throwing
 + Level 5.1 Armour
 - Level 4.0 Dodging
 - Level 3.0 Stealth
 - Level 6.0 Shields
 - Level 4.0 Unarmed Combat
 - Level 6.1 Invocations
 - Level 3.0 Evocations
 - Level 3.0 Shapeshifting


You had 9 spell levels left.
You didn't know any spells.
Your spell library contained the following spells:

 Spells                   Type           Power      Damage    Failure   Level
 Shock                    Conj/Air       0%         1d3       94%         1
 Sting                    Conj/Alch      0%         1d3       94%         1
 Mercury Vapours          Alch/Air       0%         N/A       98%         2
 Static Discharge         Conj/Air       0%         3-3/arc   98%         2
 Call Canine Familiar     Summ           0%         N/A       100%        3
 Sigil of Binding         Hex            0%         N/A       100%        3
 Swiftness                Air            0%         N/A       100%        3
 Tukima's Dance           Hex            0%         N/A       100%        3
 Airstrike                Air            0%         2d(0-16)  100%        4
 Dimensional Bullseye     Hex/Tloc       0%         N/A       100%        4
 Olgreb's Toxic Radiance  Alch           0%         N/A       100%        4
 Passage of Golubria      Tloc           0%         N/A       100%        4
 Summon Lightning Spire   Summ/Air       0%         N/A       100%        4
 Yara's Violent Unravell  Hex/Alch       0%         3d3       100%        5


Dungeon Overview and Level Annotations

Branches:
Dungeon (8/15)             Temple (1/1) D:4            Lair (0/5) D:8
 Bailey (visited)

Altars:
Cheibriados
Dithmenos
Fedhas
Gozag
Hepliaklqana
Kikubaaqudgha
Makhleb
Nemelex Xobeh
Okawaru
Qazlal
Ru
Sif Muna
Trog
Uskayaw
Vehumet
Wu Jian
Xom
Yredelemnul

Shops:
D:5 :

Annotations:
D:8 2 runed translucent doors


Innate Abilities, Weirdness & Mutations

You are a hulking beast.
Your limbs bulge with bestial killing power. (Slay +1)
Your facial features look somewhat orcish.
You have a pair of small antennae on your head.
You are completely covered in razor-sharp scales. (AC +3, Slay +3)
You possess an exceptional clarity of mind.
Your natural rate of healing is unusually fast.
Your movements are slightly less encumbered by armour. (ER -2)


Message History

You block the gnoll sergeant's attack.
The acid dragon bites you but does no damage.
The acid dragon claws you but does no damage.
You puncture the acid dragon!
The acid dragon is almost dead.
You hear a shout!
You puncture the acid dragon!
You kill the acid dragon!
Beogh accepts your kill. You block the gnoll sergeant's attack.
Your Armour skill increases to level 5!
The orc falls on its knees before you.
An orc comes into view. It is wielding a +0 dagger.
The orc hits the gnoll sergeant but does no damage.
There is an open door, spattered with blood here.
You barely miss the gnoll sergeant.
The gnoll sergeant hits you with a +5 heavy spear!
* * * LOW HITPOINT WARNING * * *
You puncture the gnoll sergeant!
The gnoll sergeant is moderately wounded.
The orc hits the gnoll sergeant but does no damage.
You hit the gnoll sergeant.
The gnoll sergeant is moderately wounded.
The gnoll sergeant closely misses you.
An efreet comes into view.
It is wielding a +4 scimitar of flaming.
The orc hits the gnoll sergeant but does no damage.
You barely miss the gnoll sergeant.
The gnoll sergeant is moderately wounded.
You puncture the gnoll sergeant!
The gnoll sergeant is poisoned.
The gnoll sergeant is heavily wounded.
The orc hits the gnoll sergeant but does no damage.
The efreet gestures at you.
The bolt of fire hits the orc!!
The orc dies!
The bolt of fire misses you. The gnoll sergeant closely misses you.
You closely miss the gnoll sergeant.
The gnoll sergeant is severely wounded.
The efreet gestures at you. The bolt of fire hits you!!
You die...

#..## {#..# #.##
##### ##.####...#
#:. #.......###
#:. #.....###
#ß.. ##...###
#ß.. #####
#.....##
.##++##.hg#
#......###
........#).#
#..####..#
#.......#.## #.##
####
##....#.##R,{
##.#
###..#..######..#
#..##........##
#...######..##
##..# #..## #...#
#..#


You could see an efreet and a gnoll sergeant (very poisoned).

Vanquished Creatures
  Maggie (D:7)
  A wyvern (D:7)
  A wraith (D:8)
  3 water moccasins
  An acid dragon (D:8)
  Duvessa (D:7)
  6 orc warriors (Bailey)
  An ice beast (D:5)
  A black bear (D:5)
  A centaur (D:7)
  2 ogres
  A phantom (D:7)
  7 kobold brigands (Bailey)
  8 scorpions
  4 bullfrogs
  5 wights (D:8)
  Dowan (D:7)
  5 killer bees (D:7)
  6 howler monkeys
  A bombardier beetle (D:7)
  2 hounds
  5 orc priests
  4 iguanas
  A sleepcap (D:8)
  3 orc wizards
  10 adders
  5 dart slugs
  2 ribbon worms (D:2)
  17 orcs
  5 ball pythons
  12 endoplasms
  4 giant cockroaches
  5 hobgoblins
  3 jackals (D:1)
  5 quokkas
  6 bats
  2 frilled lizards
  7 goblins
  19 kobolds
  3 rats
177 creatures vanquished.

Vanquished Creatures (others)
  An orc priest (D:7)
  3 orcs
  A goblin (D:7)
5 creatures vanquished.

Grand Total: 182 creatures vanquished

Notes
Turn   | Place    | Note
-------+----------+-------------------------------------------
     0 | D:1      | IdlyInterested the Demonspawn Fighter began the quest for
                  | the Orb.
     0 | D:1      | Reached XP level 1. HP: 18/18 MP: 1/1
   112 | D:1      | Gained mutation: You have a pair of small antennae on your
                  | head. [demonic ancestry]
   112 | D:1      | Reached XP level 2. HP: 24/24 MP: 2/2
   124 | D:1      | Reached skill level 1 in Throwing
   241 | D:1      | Reached skill level 1 in Dodging
   391 | D:1      | Reached XP level 3. HP: 25/29 MP: 3/3
   637 | D:1      | Reached skill level 1 in Stealth
   975 | D:2      | Reached skill level 1 in Shapeshifting
   988 | D:2      | Reached skill level 1 in Evocations
   988 | D:2      | Gained mutation: You are partially covered in razor-sharp
                  | scales. (AC +1, Slay +1) [demonic ancestry]
   988 | D:2      | Reached XP level 4. HP: 23/35 MP: 4/4
  1674 | D:2      | Reached skill level 4 in Fighting
  1970 | D:3      | Gained mutation: You are mostly covered in razor-sharp
                  | scales. (AC +2, Slay +2) [demonic ancestry]
  1970 | D:3      | Reached XP level 5. HP: 33/42 MP: 5/5
  2806 | D:4      | Found an opulent altar of Gozag.
  2856 | D:4      | Found a staircase to the Ecumenical Temple.
  2875 | D:4      | Reached XP level 6. HP: 48/48 MP: 6/6
  2922 | Temple   | Entered the Ecumenical Temple
  3487 | D:5      | Entered Level 5 of the Dungeon
  3496 | D:5      | Gained mutation: You possess an exceptional clarity of
                  | mind. [potion of mutation]
  3496 | D:5      | Gained mutation: Your natural rate of healing is unusually
                  | fast. [potion of mutation]
  3496 | D:5      | Gained mutation: Your movements are slightly less
                  | encumbered by armour. (ER -2) [potion of mutation]
  3514 | D:5      | Noticed an ice beast
  3530 | D:5      | Killed an ice beast
  3550 | D:5      | Reached XP level 7. HP: 42/54 MP: 7/7
  3570 | D:5      | Found a hazy altar of Hepliaklqana.
  3573 | D:5      | Found a bloodstained altar of Trog.
  3633 | D:5      | Found a snail-covered altar of Cheibriados.
  3671 | D:5      | Reached skill level 5 in Fighting
  3768 | D:5      | Reached skill level 6 in Fighting
  3970 | D:5      | Reached XP level 8. HP: 64/64 MP: 8/8
  3974 | D:5      | Found Daurhoy's Book Shop.
  4054 | D:5      | Reached skill level 5 in Shields
  4289 | D:6      | Identified the +7 great sword of Imbalance {flame, *Corrode
                  | rPois Str+3 Dex+4}
  4782 | D:7      | Became a worshipper of Beogh the Shepherd
  4788 | D:7      | Reached skill level 1 in Invocations
  4830 | D:7      | Gained mutation: You are completely covered in razor-sharp
                  | scales. (AC +3, Slay +3) [demonic ancestry]
  4830 | D:7      | Reached XP level 9. HP: 69/69 MP: 9/11
  4853 | D:7      | Found a flagged portal.
  4858 | Bailey   | Entered a bailey
  4878 | Bailey   | Reached skill level 5 in Invocations
  4897 | Bailey   | Reached * piety under Beogh
  5045 | Bailey   | Found an iron altar of Okawaru.
  5183 | D:7      | Reached skill level 7 in Fighting
  5363 | D:7      | Noticed Duvessa
  5368 | D:7      | Noticed Dowan
  5371 | D:7      | Killed Duvessa
  5372 | D:7      | Reached skill level 8 in Fighting
  5375 | D:7      | Killed Dowan
  5597 | D:7      | Noticed Maggie
  5616 | D:7      | Killed Maggie
  5617 | D:7      | Reached XP level 10. HP: 55/80 MP: 14/14
  5883 | D:8      | Found a staircase to the Lair.
  6042 | D:8      | Reached ** piety under Beogh
  6951 | D:8      | Found a large runed translucent door.
  6951 | D:8      | Found a large runed translucent door.
  6978 | D:8      | Reached skill level 5 in Armour
  6984 | D:8      | Killed from afar by an efreet

Illustrated notes

Levels and vault maps discovered:
D:1:      roderic_octagonal_star, layout_loops_ring,
          minmay_misc_feat_four_crosses, nicolae_hexahallways
D:2:      mumra_celtic_spiral_tile, layout_basic, minmay_misc_feat_pillars
D:3:      layout_loops_ring, nicolae_tso_carved_into_rock, nrook_campfire
D:4:      layout_loops_cross, nicolae_gozag_cash_rules_everything_around_me,
          minmay_temple_entry_stoned_glass, hex_tiny
D:5:      layout_gridville, cheibriados_altar_1, nicolae_overflow_squiral,
          serial_shops, shop, hangedman_decor_growths
D:6:      layout_gridville, patterned_corridor
D:7:      layout_basic, enter_bailey_3, uniq_duvessa, uniq_maggie
D:8:      layout_layer_cave, ashenzari_altar_1, lair_entry_dummy,
          minmay_gold_behind_fungi, minmay_hollow_rounded_squares
Temple:   nicolae_temple_bog_church

Skill      XL: |  1  2  3  4  5  6  7  8  9 10 |
---------------+-------------------------------+-----
Unarmed Combat | 2 4 |  4.0
Armour         | 3 4 5 |  5.1
Throwing       | 1 2 3 4 |  4.0
Dodging        | 1 3 4 |  4.0
Shields        | 3 4 6 |  6.0
Stealth        | 1 2 3 |  3.0
Shapeshifting  | 1 2 3 |  3.0
Evocations     | 1 2 3 |  3.0
Fighting       | 4 6 8 |  8.0
Invocations    | 3 6 |  6.1

Action                     |  1- 3 |  4- 6 |  7- 9 | 10-12 || total
---------------------------+-------+-------+-------+-------++-------
  Melee: Unarmed           |   134 |   246 |   112 |       ||   492
         Great sword       |       |       |   136 |       ||   136
         Short sword       |       |       |    23 |    75 ||    98
  Throw: Stone             |       |     1 |    20 |     5 ||    26
         Dart              |       |       |    14 |       ||    14
 Invoke: Convert to Beogh  |       |       |     1 |       ||     1
    Use: Scroll            |       |     4 |     4 |     1 ||     9
         Potion            |       |     3 |     3 |     8 ||    14
 Armour: Scale mail        |    69 |    82 |       |       ||   151
         Chain mail        |       |    62 |   265 |    26 ||   353
         Plate armour      |       |       |    27 |       ||    27
         Acid dragon scale |       |       |       |    39 ||    39
  Dodge: Dodged            |    50 |    89 |   215 |    48 ||   402
  Block: Buckler           |    22 |    54 |    30 |    57 ||   163
         Other             |       |       |    62 |       ||    62
         Reflection        |       |       |     3 |       ||     3
   Form: Beast             |       |     1 |     1 |       ||     2
                           |       |       |     1 |       ||     1

Table legend: (Time is in decaauts)
 A = Elapsed time spent in this place.
 B = Non-inter-level travel time spent in this place.
 C = Inter-level travel time spent in this place.
 D = Time resting spent in this place.
 E = Time spent auto-exploring this place.
 F = Levels seen in this place.
 G = Mean time per level.
                   A        B        C        D        E       F      G
               +--------+--------+--------+--------+--------+-----+--------+
         Total |   7072 |   6886 |    186 |    665 |   4282 |  10 |  707.2 |
       Dungeon |   6769 |   6583 |    186 |    620 |   4227 |   8 |  846.1 |
        Temple |      2 |      2 |      0 |      0 |      0 |   1 |    2.0 |
        Bailey |    299 |    299 |      0 |     45 |     55 |   1 |  299.0 |
               +--------+--------+--------+--------+--------+-----+--------+

Top non-repeatable levels by time:
     D:8: 1111 daAuts
     D:1: 994 daAuts
     D:2: 953 daAuts
     D:7: 901 daAuts
     D:4: 773 daAuts
     D:3: 762 daAuts
     D:6: 676 daAuts
     D:5: 596 daAuts
  Bailey: 299 daAuts
  Temple: 2 daAuts
